 Dungeon Crawl Stone Soup version 0.28.0-53-g5a82cb258f (webtiles) character file.

Game seed: 6127394549947478874

1389 PentaManta the Ducker (level 8, -10/56 (61) HPs)
             Began as a Merfolk Transmuter on June 6, 2022.
             Mangled by a wight
             ... wielding a +0 long sword
              (14 damage)
             ... on level 7 of the Dungeon.
             The game lasted 00:12:17 (7327 turns).

PentaManta the Ducker (Merfolk Transmuter)          Turns: 7327, Time: 00:12:17

HP:   -10/56 (61)   AC:  2    Str: 10    XL:     8   Next: 68%
MP:   14/14         EV: 25    Int: 14    God:
Gold: 241           SH:  0    Dex: 20    Spells: 9/15 levels left

rFire   . . .      SeeInvis .     - Unarmed
rCold   . . .      Faith    .   (shield currently unavailable)
rNeg    . . .      Spirit   .   (armour currently unavailable)
rPois   x          Reflect  .   (helmet currently unavailable)
rElec   .          Harm     .   (cloak currently unavailable)
rCorr   .          Rampage  .   (gloves currently unavailable)
Will    .....                   (boots currently unavailable)
Stlth   ++........              h - amulet of magic regeneration
HPRegen 0.18/turn               (no ring)
MPRegen 0.54/turn               (no ring)

@: spider-form (expiring), drained
A: venomous fangs, tiny, (nimble swimmer 2), (mertail)
a: End Transformation


You were on level 7 of the Dungeon.
You were a venomous arachnid creature.
You visited 2 branches of the dungeon, and saw 8 of its levels.

You collected 241 gold pieces.

Inventory:

Hand Weapons
 i - a +0 dagger of venom
 x - the +6 hunting sling of Dung {freeze, Will+ Str+3}
   (You found it on level 5 of the Dungeon)

   Any ammunition fired from it freezes those it strikes, dealing additional
   cold damage.
   It can also slow down cold-blooded creatures.
   Str:       It affects your strength (+3).
   Will:      It increases your willpower.
Missiles
 b - a poisoned dart (quivered)
 d - 2 throwing nets
Armour
 a - a +0 robe (melded)
Jewellery
 h - an amulet of magic regeneration (around neck)
Wands
 n - a wand of iceblast (5)
 q - a wand of paralysis (12)
 v - a wand of flame (19)
Scrolls
 c - a scroll of torment {unknown}
 e - 2 scrolls of magic mapping {unknown}
 m - a scroll of vulnerability {unknown}
 p - 3 scrolls of identify {unknown}
 r - a scroll of blinking {unknown}
 w - a scroll of amnesia {unknown}
 y - a scroll of teleportation {unknown}
Potions
 g - 2 potions of attraction {unknown}
 j - a potion of heal wounds {unknown}
 k - a potion of berserk rage {unknown}
 l - a potion of experience {unknown}
 o - 2 potions of degeneration {unknown}
 s - a potion of magic {unknown}
 t - a potion of invisibility {unknown}
 u - 2 potions of brilliance {unknown}


   Skills:
 + Level 4.9 Fighting
 * Level 7.2 Dodging
 + Level 6.0 Unarmed Combat
 - Level 4.0 Spellcasting
 - Level 7.0 Transmutations


You had 9 spell levels left.
You knew the following spells:

 Your Spells              Type           Power      Damage    Failure   Level
a - Beastly Appendage     Tmut           44%        N/A       5%          1
b - Spider Form           Tmut/Pois      12%        N/A       32%         3
c - Wereblood             Tmut           22%        N/A       7%          2

Your spell library contained the following spells:

 Spells                   Type           Power      Damage    Failure   Level
 Animate Skeleton         Necr           4%         N/A       38%         1
 Apportation              Tloc           4%         N/A       38%         1
 Foxfire                  Conj/Fire      8%         2x1d4     38%         1
 Pain                     Necr           8%         1d4       38%         1
 Summon Small Mammal      Summ           8%         N/A       38%         1
 Ice Form                 Ice/Tmut       12%        N/A       63%         4
 Conjure Flame            Conj/Fire      2%         6-21      71%         3
 Gell's Gravitas          Tloc           2%         N/A       71%         3
 Inner Flame              Hex/Fire       2%         N/A       71%         3
 Lesser Beckoning         Tloc           2%         N/A       71%         3
 Teleport Other           Tloc           2%         N/A       71%         3
 Flame Wave               Conj/Fire      2%         2d4       96%         4
 Agony                    Necr           2%         N/A       100%        5
 Excruciating Wounds      Necr           1%         N/A       100%        5


Dungeon Overview and Level Annotations

Branches:
Dungeon (7/15)             Temple (1/1) D:5

Altars:
Ashenzari
Dithmenos
Gozag
Kikubaaqudgha
Nemelex Xobeh
Okawaru
Qazlal
Ru
Sif Muna
Trog
Wu Jian
Xom
Yredelemnul
Zin
The Shining One

Shops:
D:4 (


Innate Abilities, Weirdness & Mutations

You are a venomous arachnid creature.
You have poisonous fangs.
You are tiny and dextrous.
Your spellcasting is less reliable in this form.
Your armour is entirely melded.
You are incapable of wielding weapons or throwing items.
((You are very nimble when in or above water. (Stealth+, EV+, Speed+++)))
((Your lower body shifts to a powerful aquatic tail in water.))


Message History

You feel better. The wight completely misses you. The wight blocks your attack.
The wight is lightly damaged.
The wight completely misses you.
You hit the wight.
The wight is moderately damaged.
The wight barely misses you.
You hit the wight but do no damage.
The wight is moderately damaged.
The wight hits you with a +0 long sword!
* * * LOW HITPOINT WARNING * * *
You feel better. The wight completely misses you. The wight blocks your attack.
The wight is moderately damaged.
You hit the wight but do no damage.
The wight is moderately damaged.
The wight barely misses you.
You hit the wight but do no damage.
The wight is moderately damaged.
The wight completely misses you.
You hit the wight.
The wight is heavily damaged.
The wight completely misses you.
You hit the wight but do no damage.
The wight is heavily damaged.
The wight completely misses you.
You hit the wight but do no damage.
The wight is heavily damaged.
Your transformation is almost over.
The wight barely misses you.
You hit the wight but do no damage.
The wight is heavily damaged.
The wight hits you with a +0 long sword!
* * * LOW HITPOINT WARNING * * *
You feel drained.
* * * LOW HITPOINT WARNING * * *
The wight blocks your attack.
The wight is heavily damaged.
The wight hits you with a +0 long sword!
You die...

.. ..#......
#.. .......#
#...#......#
#...#......
#.........##
#..........#
#..........#
#......s...#
#.....z...##
#.##......#
#......#
#......#
#......#
#.......
##.###.##


You could see a wight.

Vanquished Creatures
  Sigmund (D:3)
  A water moccasin (D:6)
  2 black bears
  An ogre (D:5)
  A centaur (D:6)
  A phantom (D:6)
  A gnoll sergeant (D:6)
  2 scorpions (D:5)
  An orc priest (D:5)
  A bullfrog zombie (D:5)
  A hound (D:4)
  A jelly (D:4)
  2 bullfrog skeletons (D:5)
  2 orc wizards
  A hound skeleton (D:3)
  8 gnolls
  6 adders
  A shadow imp (D:5)
  An ufetubus (D:5)
  2 adder skeletons
  A worm (D:2)
  5 dart slugs
  20 orcs
  9 endoplasms
  5 giant cockroaches
  3 goblins
  9 hobgoblins
  3 jackals (D:3)
  5 kobolds
  2 quokkas
  3 ball pythons
  7 bats
  3 frilled lizards (D:1)
  6 rats
118 creatures vanquished.

Notes
Turn   | Place    | Note
-------+----------+-------------------------------------------
     0 | D:1      | PentaManta the Merfolk Transmuter began the quest for the
                  | Orb.
     0 | D:1      | Reached XP level 1. HP: 15/15 MP: 3/3
   270 | D:1      | Reached XP level 2. HP: 21/21 MP: 3/5
  1191 | D:1      | Found a faded altar of an unknown god.
  1405 | D:1      | Reached XP level 3. HP: 25/26 MP: 6/6
  1454 | D:1      | Learned a level 3 spell: Spider Form
  1457 | D:1      | Learned a level 2 spell: Wereblood
  2163 | D:2      | Reached skill level 5 in Transmutations
  2744 | D:3      | Reached XP level 4. HP: 19/32 MP: 4/7
  2755 | D:3      | Noticed Sigmund
  3039 | D:3      | Killed Sigmund
  3040 | D:3      | Reached XP level 5. HP: 27/37 MP: 7/10
  3040 | D:3      | Reached XP level 6. HP: 32/43 MP: 7/11
  3735 | D:3      | Found an ornate altar of the Wu Jian Council.
  5076 | D:4      | Found Ysimador's Weapon Shop.
  5135 | D:4      | Noticed a black bear
  5146 | D:4      | Killed a black bear
  5147 | D:4      | Reached XP level 7. HP: 41/51 MP: 13/13
  5774 | D:5      | Entered Level 5 of the Dungeon
  6096 | D:5      | Found a staircase to the Ecumenical Temple.
  6112 | Temple   | Entered the Ecumenical Temple
  6372 | D:5      | Reached skill level 5 in Dodging
  6384 | D:5      | Reached skill level 5 in Unarmed Combat
  6389 | D:5      | Reached XP level 8. HP: 35/60 MP: 14/14
  6617 | D:5      | Identified the +6 hunting sling of Dung {freeze, Will+
                  | Str+3}
  6751 | D:5      | Found a glowing golden altar of the Shining One.
  7276 | D:6      | Found the +7 Singing Sword {vorpal, sonic wave}
  7327 | D:7      | Mangled by a wight

Illustrated notes

Levels and vault maps discovered:
D:1:      heliophobic_arrival_glass_houses, layout_basic,
          basic_ecumenical_altar, chequers_arboretum, minmay_misc_feat_iff,
          corner_web_ring, minmay_tetromino_l2
D:2:      layout_loops_ring, chequers_serial_rivers_small_a, serial_bayou_pond_a
D:3:      layout_basic, pdpol_wu_jian_five_deadly_venoms, uniq_sigmund
D:4:      layout_layer_cave, serial_shops, nicolae_shop_bloodbath_and_beyond,
          grunt_ministairs_15
D:5:      layout_cave_pools, mainiacjoe_overflow_surrounded_room,
          minmay_temple_entry_large_hall, minivault_25,
          hangedman_decor_clover_reticule
D:6:      layout_layer_cave, grunt_temple_overflow_lords_of_destruction,
          sword_in_stone
D:7:      nicolae_BIG_FREAKIN_CUBE, layout_basic,
          nicolae_overflow_crystal_walls, grunt_ministairs_13,
          hangedman_decor_opposing, nicolae_shop_gadgets
Temple:   cyrus_circular_temple

Skill      XL: |  1  2  3  4  5  6  7  8 |
---------------+-------------------------+-----
Transmutations | 3 4 5 6 7 |  7.0
Spellcasting   | 3 4 |  4.0
Dodging        | 3 5 7 |  7.2
Fighting       | 2 3 4 |  4.9
Unarmed Combat | 4 5 6 |  6.0

Action                   |  1- 3 |  4- 6 |  7- 9 || total
-------------------------+-------+-------+-------++-------
Melee: Unarmed           |   128 |   164 |   151 ||   443
       Headbutt          |    19 |     4 |     1 ||    24
       Punch             |     4 |     2 |     2 ||     8
Throw: Dart              |       |     2 |       ||     2
 Cast: Beastly Appendage |    24 |     2 |     1 ||    27
       Wereblood         |     1 |       |       ||     1
       Spider Form       |       |    12 |    15 ||    27
  Use: Potion            |       |     1 |     2 ||     3
 Stab: Sleeping          |     4 |     2 |       ||     6
Armor: Robe              |    29 |     8 |     4 ||    41
       Skin              |       |     1 |     5 ||     6
Dodge: Dodged            |    76 |   103 |   169 ||   348
